 Dungeon Crawl Stone Soup version 0.28.0-53-g5a82cb258f (webtiles) character file.

Game seed: 14818209884327217243

520 Zeld the Chopper (level 7, 0/63 HPs)
             Began as a Minotaur Berserker on May 23, 2022.
             Was a Believer of Trog.
             Succumbed to a water moccasin's poison
             ... on level 5 of the Dungeon.
             The game lasted 00:03:43 (4877 turns).

Zeld the Chopper (Minotaur Berserker)               Turns: 4877, Time: 00:03:44

Health: 0/63       AC: 13    Str: 23    XL:     7   Next: 1%
Magic:  6/6        EV:  7    Int:  4    God:    Trog [**....]
Gold:   43         SH:  0    Dex: 10    Spells: 6/6 levels left

rFire   . . .      SeeInvis .   a - +3 hand axe (flame)
rCold   . . .      Faith    .   (no shield)
rNeg    . . .      Spirit   .   n - +0 plate armour
rPois   .          Reflect  .   (helmet restricted)
rElec   .          Harm     .   l - +0 cloak
rCorr   .          Rampage  .   (no gloves)
Will    ++...                   (no boots)
Stlth   ..........              (no amulet)
HPRegen 1.20/turn               (no ring)
MPRegen 0.10/turn               (no ring)

@: lethally poisoned (0 -> -5), strong-willed, regenerating
A: horns 2, retaliatory headbutt
a: Renounce Religion, Berserk, Trog's Hand


You were on level 5 of the Dungeon.
You worshipped Trog.
Trog was pleased with you.
You visited 1 branch of the dungeon, and saw 5 of its levels.

You collected 197 gold pieces.
You spent 154 gold pieces at shops.

Inventory:

Hand Weapons
 a - a +3 hand axe of flaming (weapon)
Armour
 l - a +0 cloak (worn)
 n - a +0 plate armour (worn)
Jewellery
 s - an amulet of the acrobat
Wands
 o - a wand of charming (8)
Scrolls
 c - 4 scrolls of identify
 d - a scroll of blinking
 f - a scroll of silence
 g - 4 scrolls of teleportation
 i - a scroll of vulnerability {unknown}
 m - a scroll of enchant weapon
 p - a scroll of magic mapping
Potions
 b - a potion of magic {unknown}
 e - a potion of flight {unknown}
 h - a potion of brilliance {unknown}
 j - a potion of curing {unknown}
 k - 2 potions of invisibility {unknown}
 q - a potion of lignification {unknown}
 r - a potion of might


   Skills:
 * Level 6.1 Fighting
 * Level 6.4 Axes
 + Level 4.3 Armour
 + Level 3.8 Dodging


You had 6 spell levels left.
You didn't know any spells.
Your spell library was empty.

Dungeon Overview and Level Annotations

Branches:
Dungeon (5/15)
 Temple: D:4-7

Altars:
Hepliaklqana
Okawaru

Shops:
D:4 ?


Innate Abilities, Weirdness & Mutations

You have a pair of horns on your head.
You reflexively headbutt those who attack you in melee.


Message History

You feel sick. The water moccasin bites you.
You are more poisoned.
The water moccasin poisons you! The water moccasin bites you.
* * * LOW HITPOINT WARNING * * *
You hit the water moccasin. You burn the water moccasin.
The water moccasin is moderately wounded.
* * * LOW HITPOINT WARNING * * *
You feel very sick. The water moccasin bites you.
* * * LOW HITPOINT WARNING * * *
Unknown command.
Your skin crawls.
You feel strong-willed.
You feel sick.
The water moccasin bites you but does no damage.
Unknown command.
You barely miss the water moccasin.
Your headbutt misses the water moccasin.
The water moccasin is moderately wounded.
You feel sick. The water moccasin barely misses you.
The water moccasin bites you.
* * * LOW HITPOINT WARNING * * *
Unknown command.
You hit the water moccasin. You burn the water moccasin.
The water moccasin is moderately wounded.
You feel sick.
The water moccasin bites you but does no damage.
Unknown command.
Unknown command.
You barely miss the water moccasin.
The water moccasin is moderately wounded.
You feel sick. The water moccasin bites you.
* * * LOW HITPOINT WARNING * * *
You are lethally poisoned!
The water moccasin poisons you!
The water moccasin bites you but does no damage.
Unknown command.
You slash the water moccasin! You burn the water moccasin.
The water moccasin is severely wounded.
You die...

.. #..# ....
.##..##....
.......... #.........
#....(... # #......
.. #...# #. #.)S##
#..###+###.)@<#
#(.......)..###
.##..#..........#
.....#......#.......
...........###.#.....
...........# ......#
............# .....##
....#.≈.......#.....#
....#≈≈≈..#..[......#


You could see a water moccasin.

Vanquished Creatures
  A water moccasin skeleton (D:5)
  A howler monkey (D:5)
  A bullfrog zombie (D:5)
  2 hounds
  An orc priest (D:5)
  An iguana (D:5)
  An orc wizard (D:5)
  A scorpion zombie (D:4)
  A hound skeleton (D:4)
  7 gnolls
  6 adders
  2 ufetubi
  An adder skeleton (D:4)
  5 worms
  2 dart slugs
  5 orcs
  9 endoplasms
  2 giant cockroaches
  7 goblins
  5 hobgoblins
  6 quokkas
  5 ball pythons
  2 bats
  4 frilled lizards
  5 kobolds
  3 rats
86 creatures vanquished.

Notes
Turn   | Place    | Note
-------+----------+-------------------------------------------
     0 | D:1      | Zeld the Minotaur Berserker began the quest for the Orb.
     0 | D:1      | Reached XP level 1. HP: 19/19 MP: 0/0
   257 | D:1      | Reached XP level 2. HP: 25/27 MP: 1/1
   795 | D:2      | Reached XP level 3. HP: 26/33 MP: 2/2
  1084 | D:2      | Reached ** piety under Trog
  1942 | D:2      | Reached XP level 4. HP: 24/41 MP: 3/3
  2111 | D:2      | Found a faded altar of an unknown god.
  3277 | D:3      | Reached skill level 5 in Axes
  3284 | D:3      | Reached XP level 5. HP: 19/47 MP: 4/4
  3797 | D:3      | Found a hazy altar of Hepliaklqana.
  3931 | D:4      | Reached skill level 5 in Fighting
  3943 | D:4      | Found Paquikiu's Magic Scroll Emporium.
  3958 | D:4      | Bought a scroll of identify for 22 gold pieces
  3958 | D:4      | Bought a scroll of identify for 22 gold pieces
  3958 | D:4      | Bought a scroll of identify for 22 gold pieces
  3958 | D:4      | Bought a scroll of identify for 22 gold pieces
  3958 | D:4      | Bought a scroll of teleportation for 33 gold pieces
  3958 | D:4      | Bought a scroll of teleportation for 33 gold pieces
  4114 | D:4      | Found an iron altar of Okawaru.
  4584 | D:5      | Entered Level 5 of the Dungeon
  4592 | D:5      | Reached XP level 6. HP: 50/56 MP: 5/5
  4862 | D:5      | Noticed a water moccasin
  4870 | D:5      | Reached XP level 7. HP: 24/63 MP: 6/6
  4876 | D:5      | HP: 2/63 [water moccasin (3)]
  4877 | D:5      | Succumbed to a water moccasin's poison

Illustrated notes

Levels and vault maps discovered:
D:1:      eino_arrival_tree_alley, layout_basic, hangedman_decor_growths,
          st_stairs_13, chequers_jeans
D:2:      layout_loops_ring, hellmonk_ecumenical_altar_inner_sanctum,
          chequers_serial_rivers_small_a
D:3:      layout_basic, nzn_hepliaklqana_mist_gate, minmay_close_crescents
D:4:      layout_basic, lemuel_tele_altar, serial_shops, shop
D:5:      layout_cave_pools, serial_rivers, chequers_serial_rivers_room_b,
          chequers_serial_rivers_room_b, chequers_serial_rivers_micro_c,
          chequers_serial_rivers_small_a, minmay_misc_feat_plants, uniq_edmund

Skill      XL: |  1  2  3  4  5  6 |
---------------+-------------------+-----
Axes           | 4 5 6 |  6.4
Fighting       | 4 5 6 |  6.1
Armour         | 3 4 |  4.3
Dodging        | 3 |  3.8

Action                   |  1- 3 |  4- 6 |  7- 9 || total
-------------------------+-------+-------+-------++-------
Melee: Hand axe          |    86 |   120 |     6 ||   212
       Headbutt          |     9 |    24 |       ||    33
       Punch             |       |     2 |       ||     2
Invok: Berserk           |       |     1 |       ||     1
       Trog's Hand       |       |       |     1 ||     1
  Use: Scroll            |       |     5 |       ||     5
 Stab: Sleeping          |     1 |       |       ||     1
Armor: Animal skin       |    21 |     8 |       ||    29
       Plate armour      |       |    68 |     4 ||    72
Dodge: Dodged            |    54 |    70 |     1 ||   125
